 Dungeon Crawl Stone Soup version 0.17.1-2-g5865329 (webtiles) character file.

2285 kaze the Ducker (level 9, -3/89 HPs)
             Began as a Troll Berserker on Jan 20, 2016.
             Was an Elder of Trog.
             Slain by a killer bee (4 damage)
             ... on level 8 of the Dungeon.
             The game lasted 00:23:47 (4319 turns).

kaze the Ducker (Troll Berserker)                   Turns: 4319, Time: 00:23:47

Health: -3/89      AC:  7    Str: 30    XL:     9   Next: 17%
Magic:  17/17      EV: 12    Int:  3    God:    Trog [****..]
Gold:   215        SH:  0    Dex:  9    Spells: 0 memorised, 8 levels left

rFire  . . .     SeeInvis .     g - +3 scythe (freeze)
rCold  . . .     Clarity  .     a - +1 animal skin
rNeg   . . .     SustAt   .     (shield currently unavailable)
rPois  .         Gourm    +     (helmet restricted)
rElec  .         Spirit   .     k - +0 cloak
rCorr  .         Warding  .     (gloves unavailable)
rMut   .         Stasis   .     (boots unavailable)
MR     ++...                    f - amulet of regeneration
Stlth  +.........               e - ring of magical power
                                (no ring)

@: lethally poisoned (-3 -> -3), regenerating, very resistant to hostile
enchantments, very unstealthy
A: unfitting armour, claws 3, fast metabolism 3, gourmand, regeneration 2,
shaggy fur 1, tough skin 2
a: Berserk, Trog's Hand, Brothers in Arms, Burn Spellbooks, Renounce Religion


You were on level 8 of the Dungeon.
You worshipped Trog.
Trog was greatly pleased with you.
You were full.

You visited 1 branch of the dungeon, and saw 8 of its levels.

You collected 275 gold pieces.
You spent 60 gold pieces at shops.

Inventory:

Hand Weapons
 g - a +3 scythe of freezing (weapon)
 o - a +5 falchion of slicing
Armour
 a - a +1 animal skin (worn)
 k - a +0 cloak (worn)
Jewellery
 e - a ring of magical power (right claw)
 f - an amulet of regeneration (around neck)
 l - an uncursed ring of invisibility
 r - an uncursed amulet of the gourmand
Wands
 v - a wand of confusion (36)
Scrolls
 h - a scroll of recharging
 j - a scroll of identify
 m - 2 scrolls of random uselessness
 n - a scroll of fog
 p - 2 scrolls of magic mapping
 s - a scroll of teleportation
 u - 4 scrolls of remove curse
 y - a scroll of fear {unknown}
Potions
 c - a potion of lignification {unknown}
 i - a potion of brilliance {unknown}
 t - a potion of might
 w - 2 potions of curing {unknown}
 A - a potion of cure mutation {unknown}
Comestibles
 b - 4 bread rations
 d - 3 meat rations
 q - a slice of pizza
 x - 6 beef jerkies
 z - 2 chunks of flesh


   Skills:
 + Level 5.8 Fighting
 * Level 5.0 Polearms
 + Level 6.9 Dodging
 + Level 0.8 Stealth
 - Level 4.2 Unarmed Combat


You had 8 spell levels left.
You didn't know any spells.

Dungeon Overview and Level Annotations

Branches:
Dungeon (8/15)             Temple (0/1) D:4
   Lair: D:8-11

Altars:
Ashenzari
Qazlal
Ru
Sif Muna
Trog
Yredelemnul

Shops:
D:4 ?


Innate Abilities, Weirdness & Mutations

You are too large for most types of armour.
You have claws for hands.
Your metabolism is lightning-fast.
You like to eat raw meat.
You heal very quickly.
You are covered in fur (AC +1).
You have very tough skin (AC +2).


Message History

The killer bee closely misses you.
The hound stops to sniff the ground.
The killer bee stings you.
* * * LOW HITPOINT WARNING * * *
You feel sick. The killer bee closely misses you.
The killer bee buzzes angrily.
You closely miss the killer bee.
You feel sick. The killer bee completely misses you.
The killer bee stings you but does no damage.
The killer bee misses you. The killer bee stings you!
* * * LOW HITPOINT WARNING * * *
The killer bee stings you.
* * * LOW HITPOINT WARNING * * *
The killer bee completely misses you.
The crimson imp shouts, "Tremble, thou grime-gilt boil-brained crab-lanthorn!"
The killer bee stings you.
* * * LOW HITPOINT WARNING * * *
* * * LOW HITPOINT WARNING * * *
You feel sick. The killer bee stings you.
You die...

#....o.#
#......#
#......#
#....J.#
#...5yh#
#####.## #y#
######y#####.#.
#......y@.......
#.#####.#####...
#.# #.# #.# #..
###


You could see a jelly, 4 killer bees and a crimson imp.

Vanquished Creatures
  Prince Ribbit (D:8)
  Sigmund (D:2)
  Edmund (D:5)
  2 eyes of draining (D:3)
  A phantom (D:4)
  A centaur (D:6)
  An ogre (D:7)
  A giant frog (D:6)
  A killer bee (D:8)
  A scorpion (D:4)
  2 crimson imps
  3 hounds
  A giant frog skeleton (D:5)
  4 orc priests
  6 worker ants
  Natasha (thrice) (D:4)
  4 orc wizards
  4 iguanas
  A hound skeleton (D:5)
  Robin (D:2)
  4 adders
  11 gnolls
  3 oozes
  2 adder skeletons
  2 worms (D:3)
  2 giant geckos
  15 orcs
  15 goblins
  8 hobgoblins
  3 bats
  3 giant cockroaches
  3 giant newts
  A goblin zombie (D:5)
  7 kobolds
  6 rats
125 creatures vanquished.

Vanquished Creatures (collateral kills)
  Pikel (D:7)
  A slave (D:7)
  A gnoll sergeant (D:7)
  2 gnolls (D:7)
5 creatures vanquished.

Vanquished Creatures (others)
  An orc wizard (D:7)
  A gnoll (D:7)
2 creatures vanquished.

Grand Total: 132 creatures vanquished

Notes
Turn   | Place    | Note
--------------------------------------------------------------
     0 | D:1      | kaze the Troll Berserker began the quest for the Orb.
     0 | D:1      | Reached XP level 1. HP: 22/22 MP: 0/0
    66 | D:1      | Reached XP level 2. HP: 22/29 MP: 1/1
   223 | D:2      | Reached ** piety under Trog
   231 | D:2      | Noticed Robin
   252 | D:2      | Reached XP level 3. HP: 26/36 MP: 2/2
   264 | D:2      | Killed Robin
   350 | D:2      | Found a basalt altar of Yredelemnul.
   554 | D:2      | Noticed Sigmund
   565 | D:2      | Killed Sigmund
   565 | D:2      | Reached skill level 4 in Unarmed Combat
   565 | D:2      | Reached XP level 4. HP: 46/46 MP: 3/3
   565 | D:2      | Reached XP level 5. HP: 53/53 MP: 4/4
   664 | D:3      | Found a bloodstained altar of Trog.
   664 | D:3      | Noticed an eye of draining
   665 | D:3      | Noticed an eye of draining
   676 | D:3      | Killed an eye of draining
   676 | D:3      | Reached XP level 6. HP: 51/62 MP: 0/5
   679 | D:3      | Killed an eye of draining
   967 | D:3      | Reached skill level 1 in Polearms
  1004 | D:3      | Found a sacrificial altar of Ru.
  1138 | D:3      | Found a stormy altar of Qazlal.
  1170 | D:3      | Reached *** piety under Trog
  1237 | D:4      | Noticed Natasha
  1246 | D:4      | Killed Natasha
  1260 | D:4      | Found Tutajofigu's Magic Scroll Shoppe.
  1277 | D:4      | Noticed Natasha
  1283 | D:4      | Killed Natasha
  1298 | D:4      | Bought a scroll of remove curse for 30 gold pieces
  1349 | D:4      | Reached XP level 7. HP: 69/71 MP: 6/6
  1394 | D:4      | Noticed Natasha
  1404 | D:4      | Killed Natasha
  1435 | D:4      | Reached skill level 5 in Dodging
  1723 | D:4      | Found a staircase to the Ecumenical Temple.
  1767 | D:5      | Entered Level 5 of the Dungeon
  1934 | D:4      | Bought a scroll of remove curse for 30 gold pieces
  2214 | D:5      | Found a deep blue altar of Sif Muna.
  2289 | D:5      | Noticed Edmund
  2315 | D:5      | Killed Edmund
  2315 | D:5      | Reached skill level 5 in Fighting
  2468 | D:5      | Reached XP level 8. HP: 80/80 MP: 7/7
  2513 | D:5      | Found a stormy altar of Qazlal.
  3326 | D:6      | Found a shattered altar of Ashenzari.
  3552 | D:6      | Found a deep blue altar of Sif Muna.
  3718 | D:7      | Reached skill level 6 in Dodging
  3883 | D:7      | Reached **** piety under Trog
  4038 | D:7      | Noticed Pikel
  4063 | D:7      | Killed Pikel
  4098 | D:7      | Reached XP level 9. HP: 79/88 MP: 8/8
  4291 | D:8      | Noticed Prince Ribbit
  4304 | D:8      | Killed Prince Ribbit
  4304 | D:8      | Reached skill level 5 in Polearms
  4318 | D:8      | HP: 3/89 [killer bee (5)]
  4318 | D:8      | HP: 1/89 [killer bee (2)]
  4319 | D:8      | Slain by a killer bee

Action                   |  1- 3 |  4- 6 |  7- 9 || total
-------------------------+-------+-------+-------++-------
Melee: Unarmed           |    93 |       |       ||    93
       Scythe            |       |    81 |   233 ||   314
       Morningstar       |       |       |     6 ||     6
Invok: Berserk           |     1 |     1 |     1 ||     3
       Trog's Hand       |       |     1 |     3 ||     4
       Brothers in Arms  |       |       |     1 ||     1
  Use: Scroll            |     2 |     3 |     9 ||    14
  Eat: Chunk             |    10 |     5 |    28 ||    43
       Bread ration      |       |     1 |     1 ||     2
